 Dungeon Crawl Stone Soup version 0.23-a0-175-g97aacdb (webtiles) character file.

18 wwer the Poker (level 2, -5/24 HPs)
             Began as a Merfolk Fighter on Sept 17, 2018.
             Slain by an iguana (11 damage)
             ... on level 2 of the Dungeon.
             The game lasted 00:00:38 (686 turns).

wwer the Poker (Merfolk Fighter)                     Turns: 686, Time: 00:00:38

Health: -5/24      AC:  8    Str: 16    XL:     2   Next: 70%
Magic:  2/2        EV:  7    Int:  7    God:
Gold:   77         SH:  9    Dex: 13    Spells: 1/1 levels left

rFire    + + .     SeeInvis .   Y - +0 trident
rCold    x . .     Gourm    .   c - +0 shield
rNeg     . . .     Faith    .   e - +0 fire dragon scales
rPois    .         Spirit   .   (no helmet)
rElec    .         Reflect  .   (no cloak)
rCorr    .         Harm     .   (no gloves)
MR       .....                  (no boots)
Stlth    ..........             (no amulet)
HPRegen  0.08/turn              (no ring)
MPRegen  0.08/turn              (no ring)

@: about to teleport
A: change form in water, swift swim, stealthy swim
a: no special abilities


You were on level 2 of the Dungeon.
You were not hungry.

You visited 1 branch of the dungeon, and saw 2 of its levels.

You collected 77 gold pieces.


   Skills:
 - Level 3.2 Fighting
 + Level 4.4 Polearms
 - Level 2.1 Armour
 - Level 1.1 Dodging
 - Level 3.0 Shields


You had one spell level left.
You didn't know any spells.
Your spell library was empty.

Inventory:

Hand Weapons
 Y - a +0 trident (weapon)
Armour
 c - a +0 shield (worn)
 e - +0 fire dragon scales (worn)
 n - a +0 ring mail
Scrolls
 a - 2 scrolls of remove curse {unknown}
Potions
 d - a potion of might
 h - a potion of haste {unknown}
 j - a potion of curing {unknown}
 k - a potion of heal wounds {unknown}
 m - a potion of flight {unknown}
Comestibles
 f - 2 rations

Dungeon Overview and Level Annotations

Branches:
Dungeon (2/15)

Altars:


Message History

Enter note: You now have 77 gold pieces (gained 17).
a - a scroll labeled ULODOB SAPEBIW
a - 2 scrolls labeled ULODOB SAPEBIW (gained 1)
An iguana comes into view.
The iguana hisses angrily.
Your shield and fire dragon scales prevent you from hitting the iguana.
Your shield and fire dragon scales prevent you from hitting the iguana.
The iguana bites you!
You barely miss the iguana. The iguana bites you!
Your shield and fire dragon scales prevent you from hitting the iguana.
You block the iguana's attack.
You closely miss the iguana. The iguana barely misses you.
The iguana bites you.
686 ||| READING scroll of teleportation.
As you read the scroll of teleportation, it crumbles to dust.
You feel strangely unstable. The iguana bites you!
You die...

#########
#.......#
#.......#
#.......#
#....@..#
..##....l.$#
............#
..##........###...
#.#.#..<.......
...#.####.###...
##..#.# .# .. ..
.# .. .. .#


You could see an iguana.

Vanquished Creatures
  An ooze (D:1)
  2 dart slugs (D:1)
  A goblin (D:1)
  A hobgoblin (D:1)
  2 kobolds (D:1)
  2 bats (D:1)
  A frilled lizard (D:1)
  2 rats (D:1)
12 creatures vanquished.

Notes
Turn   | Place    | Note
-------+----------+-------------------------------------------
     0 | D:1      | wwer the Merfolk Fighter began the quest for the Orb.
     0 | D:1      | Reached XP level 1. HP: 18/18 MP: 1/1
     0 | D:1      | 0 ||| counter = 2
   155 | D:1      | Reached skill level 4 in Polearms
   155 | D:1      | Reached XP level 2. HP: 24/24 MP: 2/2
   285 | D:1      | Reached skill level 1 in Dodging
   620 | D:1      | 620 ||| UPGRADING to fire dragon scales.
   630 | D:1      | 630 ||| DROPPING +0 scale mail.
   631 | D:1      | 631 ||| UPGRADING to ring mail.
   641 | D:1      | 641 ||| UPGRADING to +0 fire dragon scales.
   651 | D:1      | 651 ||| READING scroll labeled XETAKHL APPU.
   652 | D:1      | 652 ||| READING 2 scrolls labeled GEALLO MYEBECI.
   685 | D:2      | HP: 6/24 [iguana (1)]
   686 | D:2      | 686 ||| READING scroll of teleportation.
   686 | D:2      | Slain by an iguana

Vault maps used:
D:1:      elethiomel_arrival_maze
D:2:      nicolae_dithmenos_through_a_glass_darkly, grunt_qazlal_sundering

Skill      XL: |  1  2 |
---------------+-------+-----
Polearms       | 4 |  4.4
Dodging        | 1 |  1.1
Fighting       | |  3.2
Armour         | |  2.1
Shields        | |  3.0

Action                   || total
-------------------------++-------
Melee: Trident           ||    36
  Use: Scroll            ||     3
Armor: Scale mail        ||     8
Dodge: Dodged            ||     6
Block: Shield            ||     9

Table legend:
 A = Non-vault XP
 B = Vault XP
 C = Vault XP percentage of total XP
 D = Non-vault monster count
 E = Vault monster count
 F = Vault count percentage of total count
                 A         B        C        D         E       F
            +---------+---------+-------+---------+---------+-------
      Total |      27 |       0 |   0.0 |      12 |       0 |   0.0
            +---------+---------+-------+---------+---------+-------
        D:1 |      27 |       0 |   0.0 |      12 |       0 |   0.0
            +---------+---------+-------+---------+---------+-------
